 Dungeon Crawl Stone Soup version 0.29-a0-334-gb41bcbb86e (webtiles) character file.

Game seed: 14293508680610809537

42959 Essalna the Fighter (level 13, -7/106 HPs)
             Began as a Demonspawn Fire Elementalist on Apr 15, 2022.
             Was a High Priest of Vehumet.
             Mangled by a boulder beetle (55 damage)
             ... on level 4 of the Lair of Beasts.
             The game lasted 00:48:06 (18350 turns).

Essalna the Fighter (Demonspawn Fire Elementalist) Turns: 18350, Time: 00:48:07

Health: -7/106     AC: 16    Str: 11    XL:     13   Next: 88%
Magic:  11/45      EV: 15    Int: 31    God:    Vehumet [*****.]
Gold:   974        SH:  5    Dex: 14    Spells: 22/32 levels left

rFire   . . .      SeeInvis .   o - +5 hand axe of Dismay {flame, MP+9}
rCold   . . .      Faith    .   W - +0 buckler
rNeg    . . .      Spirit   .   P - +0 steam dragon scales
rPois   .          Reflect  .   J - +2 helmet {Int+3}
rElec   .          Harm     .   f - +0 cloak
rCorr   .          Rampage  +   (gloves unavailable)
Will    .....                   Z - +2 pair of boots {Stlth+}
Stlth   +++.......              x - amulet "Urosidu" {Rampage Regen+ Str+3}
HPRegen 1.07/turn               B - ring of magical power
MPRegen 0.29/turn               m - +6 ring of intelligence

@: no status effects
A: molten scales 1, demonic guardian 1, foul stench 1, demonic touch 3
a: Renounce Religion


You were on level 4 of the Lair of Beasts.
You worshipped Vehumet.
Vehumet was extremely pleased with you.
You visited 3 branches of the dungeon, and saw 17 of its levels.
You also visited: Gauntlet.

You collected 1101 gold pieces.
You spent 127 gold pieces at shops.

Inventory:

Hand Weapons
 o - the +5 hand axe of Dismay (weapon) {flame, MP+9}
   (You found it on level 3 of the Dungeon)

   It burns those it strikes, dealing additional fire damage.
   Big, fiery blades are also staple armaments of hydra-hunters.
   MP:        It affects your magic capacity (+9).
 p - the +1 whip of Circularity {freeze, rC++ rCorr}
   (You found it on level 3 of the Dungeon)

   It freezes those it strikes, dealing additional cold damage.
   It can also slow down cold-blooded creatures.
   rC:        It greatly protects you from cold.
   rCorr:     It protects you from acid and corrosion.
Armour
 f - a +0 cloak (worn)
 J - a +2 helmet of intelligence (worn)
 K - a scarf of invisibility
 O - a +2 pair of gloves of hurling
 P - +0 steam dragon scales (worn)
 W - a +0 buckler (worn)
 Z - a +2 pair of boots of stealth (worn)
Magical Staves
 n - a staff of cold
Jewellery
 j - an amulet of the acrobat
 l - a +6 ring of strength
 m - a +6 ring of intelligence (right hand)
 w - a +6 ring of strength
 x - the amulet "Urosidu" (around neck) {Rampage Regen+ Str+3}
   (You took it off a hobgoblin on level 4 of the Dungeon)

   [amulet of regeneration]

   Str:       It affects your strength (+3).
   Regen:     It increases your rate of health regeneration.
   Rampage:   It bestows one free step when moving towards enemies.
 y - a ring of ice
 B - a ring of magical power (left hand)
 C - a +4 ring of evasion
 F - a ring of see invisible
 Q - a ring of flight
 V - a ring of protection from fire
 Y - the amulet "Roatrok" {Acrobat Fragile rC+++ Int+2 Dex+2}
   (You found it in a Gauntlet)

   [amulet of the acrobat]

   It increases your evasion while moving and waiting.
   Int:       It affects your intelligence (+2).
   Dex:       It affects your dexterity (+2).
   rC:        It renders you almost immune to cold.
   Fragile:   It will be destroyed if unequipped.
Wands
 v - a wand of flame (10)
 G - a wand of iceblast (19)
 N - a wand of acid (5)
Scrolls
 e - a scroll of teleportation
 g - 3 scrolls of vulnerability
 h - a scroll of enchant armour {unknown}
 k - 2 scrolls of fog
 r - a scroll of enchant weapon
 u - a scroll of amnesia
 z - 2 scrolls of holy word
 L - 7 scrolls of identify
 S - a scroll of magic mapping
 T - 2 scrolls of noise {unknown}
 U - 3 scrolls of summoning {unknown}
 X - a scroll of blinking
Potions
 a - a potion of might {unknown}
 b - a potion of magic
 c - 15 potions of curing
 d - 3 potions of haste
 i - 2 potions of resistance
 q - 4 potions of brilliance
 s - 5 potions of attraction
 t - 4 potions of heal wounds
 A - 3 potions of invisibility
 D - 4 potions of degeneration {unknown}
 E - 2 potions of cancellation {unknown}
 H - a potion of lignification {unknown}
 I - a potion of flight {unknown}
 M - 9 potions of ambrosia
 R - a potion of mutation {unknown}


   Skills:
 - Level 11.2 Fighting
 - Level 8.0 Armour
 - Level 8.1 Dodging
 - Level 1.7 Stealth
 - Level 4.0 Shields
 - Level 10.2 Spellcasting
 - Level 6.0 Conjurations
 - Level 10.0 Fire Magic
 + Level 6.6 Ice Magic


You had 22 spell levels left.
You knew the following spells:

 Your Spells              Type           Power      Damage    Failure   Level
a - Foxfire               Conj/Fire      100%       2x1d9     1%          1
b - Scorch                Fire           100%       2d10      1%          2
c - Flame Wave            Conj/Fire      60%        2d12      1%          4
d - Swiftness             Air            15%        N/A       12%         3

Your spell library contained the following spells:

 Spells                   Type           Power      Damage    Failure   Level
 Fireball                 Conj/Fire      30%        3d13      1%          5
 Shock                    Conj/Air       100%       1d9       1%          1
 Poisonous Vapours        Pois/Air       30%        N/A       1%          2
 Conjure Flame            Conj/Fire      60%        6-21      1%          3
 Inner Flame              Hex/Fire       46%        N/A       1%          3
 Blink                    Tloc           30%        N/A       6%          2
 Corpse Rot               Necr/Air       30%        N/A       6%          2
 Lightning Bolt           Conj/Air       17%        1d31      9%          5
 Airstrike                Air            7%         N/A       11%         4
 Call Canine Familiar     Summ           15%        N/A       12%         3
 Portal Projectile        Hex/Tloc       30%        N/A       12%         3
 Leda's Liquefaction      Hex/Erth       7%         N/A       38%         4
 Summon Lightning Spire   Summ/Air       15%        N/A       38%         4
 Manifold Assault         Tloc           15%        N/A       75%         5
 Summon Cactus Giant      Summ           7%         N/A       99%         6
 Storm Form               Tmut/Air       7%         N/A       100%        7


Dungeon Overview and Level Annotations

Branches:
Dungeon (10/15)            Temple (1/1) D:4            Lair (6/6) D:8
  Swamp (0/4) Lair:3       Spider (0/4) Lair:2        Slime (0/5) Lair:5
Gauntlet (visited)
    Orc: D:9-12

Altars:
Cheibriados
Dithmenos
Fedhas
Gozag
Hepliaklqana
Kikubaaqudgha
Makhleb
Okawaru
Qazlal
Ru
Sif Muna
Trog
Uskayaw
Vehumet
Wu Jian
Xom
Zin
The Shining One

Shops:
D:2 *   D:7 :[*   D:9 (

Annotations:
D:4 Natasha


Innate Abilities, Weirdness & Mutations

You are partially covered in molten scales. (AC +2)
A weak demonic guardian rushes to your aid.
You may rarely emit foul miasma when damaged in melee.
Your touch may irresistibly damage your foes and sap their willpower.


Message History

Confirm with . or Enter, or press ? or * to list all spells.
Flames lash the boulder beetle.
The boulder beetle is lightly wounded.
The boulder beetle's fire resistance burns away.
The death yak barely misses you.
Casting: Scorch (safe; 1% risk of failure)
Confirm with . or Enter, or press ? or * to list all spells.
You don't have enough magic to cast this spell.
The death yak gores you. You block the death yak's attack.
The boulder beetle is no longer more vulnerable to fire.
The death yak attacks as you move away! The death yak gores you.
The boulder beetle curls into a ball and begins rolling!
The death yak attacks as you move away! The death yak misses you.
The death yak attacks as you move away! You block the death yak's attack.
There is a stone staircase leading up here.
The boulder beetle hits you.
The boulder beetle stops rolling and uncurls.
The death yak gores you!
You climb upwards.
There is a stone staircase leading down here.
The boulder beetle bites you but does no damage.
The boulder beetle curls into a ball and begins rolling!
The boulder beetle hits you.
The boulder beetle stops rolling and uncurls.
The boulder beetle curls into a ball and begins rolling!
The boulder beetle hits you!!!
The boulder beetle stops rolling and uncurls.
The boulder beetle attacks as you move away!
The boulder beetle bites you but does no damage.
The boulder beetle curls into a ball and begins rolling!
The boulder beetle attacks as you move away!
The boulder beetle misses you.
The boulder beetle stops rolling and uncurls.
The boulder beetle attacks as you move away!
The boulder beetle barely misses you.
The boulder beetle curls into a ball and begins rolling!
The boulder beetle hits you!!!
Ouch! That really hurt!
You die...

### ########### ####.# ### ####
##.##.P##.#######.#..####.####.P.
................@B.<.............
.......§.......<..○Y°.........##.
....#.#§.###.#.....#...#......#°Y
...####§#.####...##..P...#.)...#.
....###Y#### #...##...........##>
...P##5Y...# #...##......#....##.
....#..÷...# #...#............#..
...........###...##.....##....##.
...#....##.##....#.)....##....##.


You could see a death yak and a boulder beetle (rolling).

Vanquished Creatures
  The ghost of Morbidden the Grappler, a novice TrMo (D:9)
  A catoblepas (Lair:6)
  5 hydras
  A two-headed ogre (D:6)
  7 death yaks
  2 thrashing horrors (Gauntlet)
  A goliath frog (shapeshifter) (D:9)
  Pikel (D:4)
  A lindwurm (Lair:4)
  2 oklob plants (Lair:5)
  2 manticores (Lair:4)
  2 elephants (Lair:6)
  Joseph (D:9)
  5 black mambas
  10 cane toads
  4 rime drakes
  A demonic crawler (Lair:2)
  9 komodo dragons
  A queen bee (Lair:3)
  3 meliai (Gauntlet)
  7 polar bears
  A tyrant leech (Lair:3)
  A hornet (Lair:5)
  Prince Ribbit (D:5)
  4 blink frogs (Lair:6)
  3 spriggans (Lair:6)
  5 wyverns
  15 yaks
  Grum (D:9)
  4 steam dragons
  4 basilisks
  A swamp worm (Lair:3)
  24 water moccasins
  2 small abominations (Gauntlet)
  3 orc warriors
  2 sky beasts
  4 black bears
  An ice beast (D:7)
  2 ogres
  A boggart (Lair:6)
  18 wolves
  3 centaurs
  2 phantoms
  A lemure (D:4)
  18 bullfrogs
  4 necrophages
  A gnoll sergeant (D:9)
  3 scorpions
  8 wights
  32 killer bees
  2 howler monkeys (D:7)
  A hound (D:5)
  A jelly (D:6)
  6 orc priests
  2 iguanas
  Natasha (twice) (D:4)
  9 orc wizards
  13 hell rats
  3 gnolls (D:9)
  5 adders
  9 river rats (Lair:1)
  A shadow imp (D:8)
  An ufetubus (D:6)
  3 worms (Lair:2)
  A dart slug (D:2)
  36 orcs
  6 ball pythons
  4 endoplasms
  8 giant cockroaches
  5 goblins
  9 hobgoblins
  5 jackals (D:5)
  8 kobolds
  3 quokkas
  3 bats (D:2)
  2 frilled lizards
  9 rats
393 creatures vanquished.

Vanquished Creatures (collateral kills)
  A minotaur (Gauntlet)
  2 oklob plants (Lair:5)
  2 elephants (Lair:6)
  A wyvern (Lair:6)
  A yak (Lair:4)
  A water moccasin (Lair:6)
  A centaur (D:7)
  28 foxfires
37 creatures vanquished.

Vanquished Creatures (others)
  2282 foxfires
  27 fungi
  41 plants
2350 creatures vanquished.

Grand Total: 2780 creatures vanquished

Notes
Turn   | Place    | Note
-------+----------+-------------------------------------------
     0 | D:1      | Essalna the Demonspawn Fire Elementalist began the quest
                  | for the Orb.
     0 | D:1      | Reached XP level 1. HP: 13/13 MP: 3/3
   176 | D:1      | Gained mutation: You are partially covered in molten
                  | scales. (AC +2) [demonic ancestry]
   176 | D:1      | Reached XP level 2. HP: 17/20 MP: 0/5
   806 | D:1      | Reached skill level 1 in Fighting
  1147 | D:2      | Found Cysiy's Assorted Antiques.
  1252 | D:2      | Found a faded altar of an unknown god.
  1506 | D:2      | Gained mutation: A weak demonic guardian rushes to your
                  | aid. [demonic ancestry]
  1506 | D:2      | Reached XP level 3. HP: 26/26 MP: 1/6
  2130 | D:3      | Identified the +5 hand axe of Dismay {flame, MP+9}
  2141 | D:3      | Identified the +1 whip of Circularity {freeze, rC++ rCorr}
  2228 | D:3      | Reached XP level 4. HP: 32/32 MP: 2/8
  2531 | D:3      | Found a burning altar of Makhleb.
  2748 | D:4      | Noticed Pikel
  2751 | D:4      | Noticed a lemure
  3036 | D:4      | Reached skill level 2 in Fighting
  3131 | D:4      | Gained mutation: You may rarely emit foul miasma when
                  | damaged in melee. [demonic ancestry]
  3131 | D:4      | Reached XP level 5. HP: 37/38 MP: 9/9
  3266 | D:4      | Noticed Natasha
  3274 | D:4      | Killed Natasha
  3300 | D:4      | Noticed Natasha
  3308 | D:4      | Killed Natasha
  3374 | D:4      | Noticed Natasha
  3378 | D:4      | Learned a level 2 spell: Scorch
  3393 | D:4      | Learned a level 4 spell: Flame Wave
  3402 | D:4      | Learned a level 3 spell: Swiftness
  3468 | D:4      | Found a staircase to the Ecumenical Temple.
  3474 | Temple   | Entered the Ecumenical Temple
  3522 | Temple   | Became a worshipper of Vehumet
  3650 | D:4      | Noticed a lemure
  3659 | D:4      | Killed a lemure
  3665 | D:4      | Noticed a lemure
  3668 | D:4      | Killed Pikel
  3669 | D:4      | Reached skill level 3 in Fighting
  3669 | D:4      | Reached XP level 6. HP: 24/48 MP: 1/12
  3669 | D:4      | Reached XP level 7. HP: 26/53 MP: 1/13
  3850 | D:4      | Identified the amulet "Urosidu" {Rampage Regen+ Str+3}
  4105 | D:5      | Entered Level 5 of the Dungeon
  4156 | D:5      | Noticed Prince Ribbit
  4164 | D:5      | Killed Prince Ribbit
  4165 | D:5      | Reached skill level 4 in Fighting
  4292 | D:5      | Reached skill level 5 in Fire Magic
  4292 | D:5      | Gained mutation: Your touch may inflict minor irresistible
                  | damage on your foes. [demonic ancestry]
  4292 | D:5      | Reached XP level 8. HP: 61/61 MP: 15/15
  4353 | D:5      | Reached skill level 5 in Spellcasting
  4353 | D:5      | Reached skill level 5 in Conjurations
  4583 | D:5      | Reached skill level 5 in Fighting
  5471 | D:6      | Reached skill level 1 in Armour
  5570 | D:6      | Reached XP level 9. HP: 18/68 MP: 15/17
  5571 | D:6      | Reached * piety under Vehumet
  5571 | D:6      | Offered knowledge of Sandblast by Vehumet.
  5817 | D:6      | Noticed a two-headed ogre
  5824 | D:6      | Killed a two-headed ogre
  5825 | D:6      | Reached skill level 6 in Fighting
  6580 | D:7      | Found Cokoll's Book Shop.
  6882 | D:7      | Found a shimmering altar of Xom.
  6936 | D:7      | Found Marioxag's Assorted Antiques.
  6942 | D:7      | Bought a runed helmet for 127 gold pieces
  7020 | D:7      | Found a stormy altar of Qazlal.
  7035 | D:7      | Found a hide-covered altar of Uskayaw.
  7337 | D:7      | Found Suupuxte's Armour Shop.
  7675 | D:8      | Reached XP level 10. HP: 77/77 MP: 19/19
  7779 | D:8      | Found a bloodstained altar of Trog.
  7825 | D:8      | Offered knowledge of Freeze by Vehumet.
  7972 | D:8      | Reached ** piety under Vehumet
  8071 | D:8      | Found a staircase to the Lair.
  8092 | D:8      | Reached skill level 7 in Fighting
  8203 | D:8      | Found a shimmering blue altar of Sif Muna.
  8203 | D:8      | Found a hazy altar of Hepliaklqana.
  8602 | D:8      | Identified the +10 trident of Nuink {venom, Will++ Str-2}
  8811 | D:9      | Found a large runed translucent door.
  8811 | D:9      | Found a large runed translucent door.
  8813 | D:9      | Noticed Morbidden's ghost (novice TrMo)
  9010 | D:9      | Found Kadyihug's Weapon Boutique.
  9280 | D:9      | Noticed Joseph
  9299 | D:9      | Killed Joseph
  9300 | D:9      | Reached skill level 5 in Dodging
  9473 | D:9      | Noticed a goliath frog
  9476 | D:9      | Killed a goliath frog
  9600 | D:9      | Noticed Grum
  9608 | D:9      | Reached skill level 5 in Armour
  9613 | D:9      | Killed Grum
  9894 | D:9      | Killed Morbidden's ghost
  9895 | D:9      | Reached XP level 11. HP: 38/86 MP: 13/22
 10060 | D:10     | Entered Level 10 of the Dungeon
 10073 | D:10     | Offered knowledge of Frozen Ramparts by Vehumet.
 10224 | Lair:1   | Entered Level 1 of the Lair of Beasts
 10224 | Lair:1   | Found a gate leading to a gauntlet.
 10231 | Gauntlet | Entered a Gauntlet
 10231 | Gauntlet | Found a transporter.
 10234 | Gauntlet | Found a transporter.
 10234 | Gauntlet | Noticed a six-headed hydra
 10250 | Gauntlet | Found a transporter.
 10254 | Gauntlet | Found a transporter.
 10262 | Gauntlet | Noticed a death yak
 10265 | Gauntlet | Noticed a death yak
 10268 | Gauntlet | Noticed a death yak
 10272 | Gauntlet | Found a transporter.
 10273 | Gauntlet | Found the -2 hat of the Alchemist {rElec rPois rF+ rC+ rN+
                  | Will+ rMut rCorr}
 10274 | Gauntlet | Noticed a death yak
 10274 | Gauntlet | Noticed a death yak
 10287 | Gauntlet | Noticed a minotaur
 10288 | Gauntlet | Found a transporter.
 10293 | Gauntlet | Found a transporter.
 10297 | Gauntlet | Found a transporter.
 10297 | Gauntlet | Noticed a fire crab
 10324 | Gauntlet | Found a transporter.
 10344 | Gauntlet | Found a transporter.
 10348 | Gauntlet | Found a transporter.
 10348 | Gauntlet | Noticed a thrashing horror
 10354 | Gauntlet | Noticed a thrashing horror
 10357 | Gauntlet | Found a transporter.
 10381 | Gauntlet | Killed a thrashing horror
 10382 | Gauntlet | Reached skill level 8 in Fighting
 10386 | Gauntlet | Killed a thrashing horror
 10386 | Gauntlet | Reached *** piety under Vehumet
 10612 | Gauntlet | Killed a minotaur
 10623 | Gauntlet | Identified the amulet "Roatrok" {Acrobat Fragile rC+++
                  | Int+2 Dex+2}
 10825 | Lair:1   | Noticed a four-headed hydra
 10840 | Lair:1   | Killed a four-headed hydra
 10937 | Lair:1   | Offered knowledge of Dazzling Flash by Vehumet.
 11062 | Lair:1   | Identified the +0 leather armour "Ymmakhuc" {Harm rN+}
 11231 | Lair:1   | Reached skill level 9 in Fighting
 11675 | Lair:2   | Reached **** piety under Vehumet
 11685 | Lair:2   | Gained mutation: Your touch may inflict irresistible damage
                  | on your foes. [demonic ancestry]
 11685 | Lair:2   | Reached XP level 12. HP: 78/95 MP: 7/24
 11842 | Lair:2   | Found a hole to the Spider Nest.
 12050 | Lair:2   | Noticed a six-headed hydra
 12058 | Lair:2   | Killed a six-headed hydra
 13144 | Lair:3   | Offered knowledge of Iskenderun's Mystic Blast by Vehumet.
 13205 | Lair:3   | You fall into a shaft and drop 2 floors!
 13321 | Lair:4   | Noticed a death yak
 13321 | Lair:4   | Noticed a death yak
 13321 | Lair:4   | Noticed a death yak
 13321 | Lair:4   | Noticed a death yak
 13437 | Lair:5   | Noticed a six-headed hydra
 13445 | Lair:5   | Killed a six-headed hydra
 13511 | Lair:4   | Found an opulent altar of Gozag.
 13652 | Lair:5   | Reached skill level 10 in Fighting
 13830 | Lair:3   | Noticed an eight-headed hydra
 13835 | Lair:3   | Noticed a five-headed hydra
 13837 | Lair:3   | Killed an eight-headed hydra
 13845 | Lair:3   | Killed a five-headed hydra
 13846 | Lair:3   | Reached skill level 1 in Shields
 13847 | Lair:3   | Found a staircase to the Swamp.
 14039 | Lair:3   | Reached ***** piety under Vehumet
 14129 | Lair:3   | Offered knowledge of Ozocubu's Refrigeration by Vehumet.
 14182 | Lair:3   | Gained mutation: Your touch may irresistibly damage your
                  | foes and sap their willpower. [demonic ancestry]
 14182 | Lair:3   | Reached XP level 13. HP: 103/103 MP: 26/26
 14538 | Lair:3   | Reached skill level 1 in Ice Magic
 15655 | Lair:5   | Found a staircase to the Slime Pits.
 15762 | Lair:5   | Reached skill level 10 in Fire Magic
 16054 | Lair:5   | You fall into a shaft and drop 1 floor!
 16054 | Lair:6   | Entered Level 6 of the Lair of Beasts
 16054 | Lair:6   | Found a stormy altar of Qazlal.
 16098 | Lair:5   | Reached skill level 10 in Spellcasting
 17114 | Lair:4   | Reached skill level 11 in Fighting
 17992 | Lair:6   | Reached skill level 5 in Ice Magic
 18191 | Lair:6   | Offered knowledge of Fireball by Vehumet.
 18350 | Lair:4   | Mangled by a boulder beetle

Illustrated notes

Levels and vault maps discovered:
D:1:      onia_arrival_handbag, layout_basic, minmay_misc_feat_roman,
          minmay_misc_feat_more_columns
D:2:      layout_rooms, serial_shops, shop,
          shapermc_ecumenical_altar_flowoftime, minmay_misc_feat_secret_circle
D:3:      layout_rooms, mainiacjoe_overflow_chevrons
D:4:      nicolae_cairo_tiling_large, layout_rooms, minmay_temple_entry_fiery,
          minivault_23, kennysheep_generic_room_9, uniq_natasha, uniq_pikel
D:5:      layout_cave_pods, nicolae_overflow_hidden_temple,
          minmay_misc_feat_cross, uniq_prince_ribbit1
D:6:      layout_cave_pods, grunt_ministairs_13, corner_web_ring, st_stairs_3
D:7:      layout_basic, mainiacjoe_overflow_big_doors,
          mainiacjoe_overflow_six_doors_small, serial_shops,
          nicolae_inconvenience_store, nicolae_shop_statue_plus, shop,
          minmay_misc_feat_nine_boxes
D:8:      layout_loops_ring, mainiacjoe_overflow_boulevard,
          nicolae_overflow_crystal_walls, jmf_multi_god_temple,
          david_lair_generic, nicolae_elevator_lobby_plus
D:9:      layout_irregular_city, ebering_ghost_disaster_area, serial_shops,
          nicolae_shop_bloodbath_and_beyond, kennysheep_generic_room_5,
          uniq_joseph, uniq_grum
D:10:     layout_stronghold, uniq_psyche
Temple:   oiseaux_autumnal_temple
Lair:1:   layout_regular_city, nicolae_volcano_entry_s_turn,
          gauntlet_entry_generic, nicolae_lair_lil_pond, kennysheep_rathole
Lair:2:   layout_chaotic_city, nicolae_spider_entry_non_spiders
Lair:3:   layout_gridlike, palyth_hydra_swamp_entry, special_room
          [special_room_bee], nicolae_quartered_pool_impasse, grunt_megastairs_2
Lair:4:   nzn_motion_control, layout_regular_city, basic_altar
Lair:5:   layout_cellular_growth, minmay_slime_entry_oklob_enclosed
Lair:6:   minmay_lair_end_enchanted_forest, layout_big_grid, basic_altar

Skill      XL: |  1  2  3  4  5  6  7  8  9 10 11 12 13 |
---------------+----------------------------------------+-----
Fighting       | 1 2 3 4 5 6 7 9 10 11 | 11.2
Fire Magic     | 3 4 5 6 7 8 9 10 | 10.0
Conjurations   | 2 4 5 6 |  6.0
Spellcasting   | 3 4 5 6 7 8 9 10 | 10.2
Dodging        | 2 4 5 7 8 |  8.1
Armour         | 1 3 5 6 7 8 |  8.0
Shields        | 1 4 |  4.0
Ice Magic      | 6 |  6.6
Stealth        | |  1.7

Action                   |  1- 3 |  4- 6 |  7- 9 | 10-12 | 13-15 || total
-------------------------+-------+-------+-------+-------+-------++-------
Melee: Unarmed           |    30 |       |       |       |       ||    30
       Dagger            |    10 |       |       |       |       ||    10
       Hand axe          |     2 |     5 |     8 |    56 |    12 ||    83
       Touch             |       |       |     1 |    11 |       ||    12
 Cast: Foxfire           |   105 |    84 |   257 |   505 |   376 ||  1327
       Scorch            |       |     8 |    19 |   176 |   105 ||   308
       Flame Wave        |       |       |     2 |    24 |    18 ||    44
       Swiftness         |       |       |       |     1 |     3 ||     4
Evoke: Wand              |       |       |       |       |     3 ||     3
  Use: Scroll            |       |       |       |    17 |     5 ||    22
       Potion            |       |       |       |     1 |     1 ||     2
 Stab: Sleeping          |     1 |     1 |       |       |       ||     2
Armor: Robe              |    27 |     7 |    25 |    13 |       ||    72
       Steam dragon scal |       |       |       |   190 |    73 ||   263
Dodge: Dodged            |    44 |    21 |    25 |   327 |   125 ||   542
Block: Buckler           |       |       |       |    21 |    49 ||    70

Table legend: (Time is in decaauts)
 A = Elapsed time spent in this place.
 B = Non-inter-level travel time spent in this place.
 C = Inter-level travel time spent in this place.
 D = Time resting spent in this place.
 E = Time spent auto-exploring this place.
 F = Levels seen in this place.
 G = Mean time per level.
                   A        B        C        D        E       F      G
               +--------+--------+--------+--------+--------+-----+--------+
         Total |  18406 |  17390 |   1016 |    276 |  13601 |  18 | 1022.6 |
       Dungeon |  10160 |   9753 |    407 |    165 |   8139 |  10 | 1016.0 |
        Temple |     80 |     49 |     31 |      0 |     31 |   1 |   80.0 |
          Lair |   7757 |   7179 |    578 |    111 |   5146 |   6 | 1292.8 |
      Gauntlet |    407 |    407 |      0 |      0 |    285 |   1 |  407.0 |
               +--------+--------+--------+--------+--------+-----+--------+

Top non-repeatable levels by time:
  Lair:5: 2342 daAuts
  Lair:3: 1651 daAuts
     D:9: 1394 daAuts
     D:6: 1293 daAuts
  Lair:4: 1214 daAuts
     D:5: 1180 daAuts
     D:4: 1123 daAuts
     D:1: 1102 daAuts
     D:7: 1087 daAuts
     D:8: 1031 daAuts
  Lair:1: 1025 daAuts
     D:2: 962 daAuts
  Lair:2: 915 daAuts
     D:3: 850 daAuts
  Lair:6: 608 daAuts
